 Dungeon Crawl Stone Soup version 0.30-a0-618-gd6c86c23d0 (webtiles) character file.

Game seed: 16658119275607498612

107 ragingrage the Sneak (level 4, -2/23 HPs)
             Began as a Vine Stalker Delver on Jan 9, 2023.
             Slain by Grinder (11 damage)
             ... on level 3 of the Dungeon.
             The game lasted 00:02:26 (2057 turns).

ragingrage the Sneak (Vine Stalker Delver)          Turns: 2057, Time: 00:02:27

Health: -2/23      AC:  7    Str: 15    XL:     4   Next: 86%
Magic:  0/5        EV: 12    Int: 10    God:
Gold:   173        SH:  0    Dex: 17    Spells: 3/3 levels left

rFire   . . .      SeeInvis .    m - +1 dagger (elec)
rCold   . . .      Faith    .    (no shield)
rNeg    . . .      Spirit   +    b - +0 leather armour
rPois   .          Reflect  .    s - +0 helmet
rElec   .          Harm     .    t - +2 cloak
rCorr   .          Rampage  .    (no gloves)
Will    .....                    (no boots)
Stlth   +++                      (no amulet)
HPRegen 1.03/turn                (no ring)
MPRegen 0.09/turn                (no ring)

@: about to teleport
A: fangs 2, regeneration 1, magic shield, antimagic bite, no potion heal 2
a: no special abilities


You were on level 3 of the Dungeon.
You visited 1 branch of the dungeon, and saw 5 of its levels.

You collected 173 gold pieces.

Inventory:

Hand Weapons
 a - a +0 short sword
 j - a +0 rapier
 m - a +1 dagger of electrocution (weapon)
Missiles
 r - 9 poisoned darts (quivered)
Armour
 b - a +0 leather armour (worn)
 s - a +0 helmet (worn)
 t - a +2 cloak (worn)
Jewellery
 w - a ring of protection from fire
Wands
 g - a wand of digging (3)
Scrolls
 c - 2 scrolls of fog
 d - a scroll of magic mapping
 e - a scroll of fear
 o - a scroll of blinking {unknown}
 q - a scroll of silence {unknown}
 v - a scroll of enchant armour {unknown}
 x - a scroll of acquirement {unknown}
Potions
 f - a potion of haste
 h - a potion of curing {unknown}
 k - a potion of lignification {unknown}
 n - a potion of ambrosia {unknown}
 p - a potion of mutation {unknown}
 u - a potion of invisibility {unknown}


   Skills:
 - Level 2.6 Fighting
 * Level 4.1 Short Blades
 - Level 1.5 Dodging
 + Level 6.4 Stealth


You had 3 spell levels left.
You didn't know any spells.
Your spell library contained the following spells:

 Spells                   Type           Power      Damage    Failure   Level
 Summon Small Mammal      Summ           0%         N/A       43%         1
 Call Canine Familiar     Summ           0%         N/A       80%         3
 Summon Guardian Golem    Hex/Summ       0%         N/A       80%         3


Dungeon Overview and Level Annotations

Branches:
Dungeon (5/15)
 Temple: D:4-7

Altars:

Annotations:
D:3 Grinder


Innate Abilities, Weirdness & Mutations

You have extremely sharp teeth.
Your natural rate of healing is unusually fast.
When hurt, damage is shared between your health and your magic reserves.
Your bite disrupts and absorbs the magic of your enemies.
Potions cannot restore your health.


Message History

No target in view!
No target in view!
No target in view!
No target in view!
No target in view!
No target in view!
You see here a hobgoblin corpse.
Grinder comes into view.
Grinder shouts!
Grinder blinks!
Grinder is nearby!
Grinder is nearby!
As you read the scroll labelled QIWKIF BUAT, it crumbles to dust.
It is a scroll of amnesia.
You feel forgetful for a moment.
You hit Grinder. Lightning courses through Grinder!
Grinder is moderately wounded.
You hit Grinder but do no damage. You bite Grinder.
Grinder's magic leaks into the air.
You drain her magic.
Grinder is moderately wounded.
Grinder's magic is no longer disrupted.
Grinder gestures at you.
You suddenly lose the ability to move!
Grinder hits you but does no damage. Grinder gestures at you.
You resist with significant effort. Grinder hits you.
You writhe in agony.
Grinder drinks a potion.
Grinder seems to grow stronger.
Grinder hits you but does no damage.
You can move again.
Unknown command.
Unknown command.
Unknown command.
Okay, then.
As you read the scroll labelled ARAXUEGAMI, it crumbles to dust.
You feel strangely unstable.
It was a scroll of teleportation.
Grinder says, "Tell me all your secrets, or I'll kill you."
Grinder hits you! Grinder attacks as you move away! Grinder hits you!
You die...

#.# #.#.# #.# #.#.#
#.# #.#.# #.#####.#.#
#.......#.#
#######.#.#
.......<#.#
####################.#
......5@...†.........#
######################


You could see Grinder (strong).

Vanquished Creatures
  3 gnolls (D:2)
  2 adders (D:2)
  A worm (D:3)
  An orc (D:4)
  3 endoplasms
  2 giant cockroaches
  6 goblins
  6 hobgoblins
  2 jackals (D:1)
  2 quokkas
  4 ball pythons
  9 bats
  2 frilled lizards
  8 kobolds
  3 rats
54 creatures vanquished.

Vanquished Creatures (others)
  A plant (D:2)
1 creature vanquished.

Grand Total: 55 creatures vanquished

Notes
Turn   | Place    | Note
-------+----------+-------------------------------------------
     0 | D:5      | ragingrage the Vine Stalker Delver began the quest for the
                  | Orb.
     0 | D:5      | Reached XP level 1. HP: 11/11 MP: 2/2
   163 | D:3      | Reached XP level 2. HP: 16/16 MP: 3/3
   532 | D:1      | Reached XP level 3. HP: 18/19 MP: 4/4
  1199 | D:2      | Gained mutation: Your natural rate of healing is unusually
                  | fast. [Vine Stalker growth]
  1199 | D:2      | Reached XP level 4. HP: 15/23 MP: 2/5
  2046 | D:3      | Noticed Grinder
  2050 | D:3      | Paralysed by Grinder for 5 turns
  2057 | D:3      | Slain by Grinder

Illustrated notes

Levels and vault maps discovered:
D:1:      nicolae_arrival_washed_ashore, layout_rooms
D:2:      layout_loops_ring, corexii_corridor_pit, st_stairs_13,
          serial_bayou_pond_e
D:3:      layout_basic, uniq_crazy_yiuf_cottage, uniq_jessica, uniq_grinder
D:4:      layout_loops_ring, uniq_eustachio
D:5:      layout_loops_corners

Skill      XL: |  1  2  3  4 |
---------------+-------------+-----
Short Blades   | 2 3 4 |  4.1
Fighting       | |  2.6
Dodging        | |  1.5
Stealth        | |  6.4

Action                   |  1- 3 |  4- 6 || total
-------------------------+-------+-------++-------
Melee: Short sword       |    21 |       ||    21
       Bite              |    23 |     8 ||    31
       Rapier            |    40 |       ||    40
       Dagger            |    40 |    39 ||    79
       Punch             |     2 |       ||     2
Throw: Dart              |     5 |       ||     5
  Use: Scroll            |     1 |     2 ||     3
 Stab: Sleeping          |     7 |     6 ||    13
Armor: Leather armour    |    31 |    16 ||    47
Dodge: Dodged            |    53 |    12 ||    65

Table legend: (Time is in decaauts)
 A = Elapsed time spent in this place.
 B = Non-inter-level travel time spent in this place.
 C = Inter-level travel time spent in this place.
 D = Time resting spent in this place.
 E = Time spent auto-exploring this place.
 F = Levels seen in this place.
 G = Mean time per level.
                   A        B        C        D        E       F      G
               +--------+--------+--------+--------+--------+-----+--------+
         Total |   2046 |   1904 |    142 |    132 |   1292 |   5 |  409.2 |
       Dungeon |   2046 |   1904 |    142 |    132 |   1292 |   5 |  409.2 |
               +--------+--------+--------+--------+--------+-----+--------+

Top non-repeatable levels by time:
     D:2: 976 daAuts
     D:1: 663 daAuts
     D:3: 320 daAuts
     D:5: 52 daAuts
     D:4: 33 daAuts
